 Dungeon Crawl Stone Soup version 0.31.0-32-g396128a36d (console) character file.

Game seed: 205966025365793493

81 smtktc the Slasher (level 4, -2/35 HPs)
             Began as a Demonspawn Gladiator on Feb 24, 2024.
             Killed by divine providence
             ... invoked by an orc priest
              (12 damage)
             ... on level 3 of the Dungeon on Mar 13, 2024.
             The game lasted 00:18:58 (1872 turns).

smtktc the Slasher (Demonspawn Gladiator)           Turns: 1872, Time: 00:18:59

Health: -2/35      AC:  5    Str: 17    XL:     4   Next: 19%
Magic:  4/4        EV: 12    Int:  8    God:
Gold:   169        SH:  5    Dex: 14    Spells: 3/3 levels left

rFire   . . .        a - +0 long sword
rCold   . . .        (no shield)
rNeg    . . .        b - +0 leather armour
rPois   .            c - +0 helmet
rElec   .            (no cloak)
rCorr   .            (no gloves)
SInv    .            k - +0 pair of boots
Will    +....        s - amulet of reflection
Stlth   +            q - ring of willpower
HPRegen 0.25/turn    (no ring)
MPRegen 0.09/turn

%: reflection
@: no status effects
A: claws 1, foul stench 1
a: no special abilities


You were on level 3 of the Dungeon.
You visited 1 branch of the dungeon, and saw 3 of its levels.

You collected 169 gold pieces.

Inventory:

Hand Weapons
 a - a +0 long sword (weapon)
 x - a +0 vampiric dagger
 y - a +0 short sword of venom
Missiles
 d - 3 throwing nets (quivered)
 e - a javelin
Armour
 b - a +0 leather armour (worn)
 c - a +0 helmet (worn)
 k - a +0 pair of boots (worn)
 n - a +0 buckler
 u - a +0 cloak
Jewellery
 q - a ring of willpower (left claw)
 s - an amulet of reflection (around neck)
Talismans
 t - a beast talisman
Scrolls
 f - a scroll of acquirement {unknown}
 h - 2 scrolls of amnesia {unknown}
 m - a scroll of revelation {unknown}
 p - a scroll of fog {unknown}
 r - a scroll of poison {unknown}
 w - 2 scrolls of teleportation {unknown}
 z - a scroll of enchant weapon {unknown}
 A - a scroll of vulnerability {unknown}
 C - a scroll of immolation {unknown}
Potions
 g - a potion of might {unknown}
 i - a potion of invisibility {unknown}
 j - 2 potions of brilliance
 l - a potion of degeneration {unknown}
 o - a potion of haste {unknown}
 v - a potion of curing {unknown}
 B - 2 potions of lignification {unknown}


   Skills:
 * Level 3.1 Fighting
 + Level 3.5 Long Blades
 - Level 1.7 Throwing
 + Level 3.2 Dodging


You had 3 spell levels left.
You didn't know any spells.
Your spell library was empty.

Dungeon Overview and Level Annotations

Branches:
Dungeon (3/15)

Altars:


Innate Abilities, Weirdness & Mutations

You have sharp fingernails.
You may rarely emit foul miasma when damaged in melee.


Message History

A rat comes into view.
The rat bites you but does no damage.
You barely miss the rat. You block the rat's attack.
You slash the rat!
You kill the rat!
No target in view!
You see here a rat corpse.
Found a long sword.
You see here a +0 long sword.
A hobgoblin comes into view.
The hobgoblin shouts!
An orc comes into view. It is wielding a +0 mace.
An orc priest comes into view. It is wielding a +0 trident.
An orc comes into view. It is wielding a +0 flail.
The orc priest shouts!
The orc shouts!
The hobgoblin barely misses you.
An orc wizard comes into view. It is wielding a +0 dagger.
The orc priest looks braver for a moment.
The orc wizard shouts!
You barely miss the hobgoblin. The hobgoblin closely misses you.
An orc comes into view. It is wielding a +0 hand axe.
You block the hobgoblin's attack.
The hobgoblin attacks as it pursues you!
You block the hobgoblin's attack.
You see here a scroll labelled GIANWE VEACK.
C - a scroll labelled GIANWE VEACK The hobgoblin hits you but does no damage.
The orc priest invokes the aid of Beogh against you.
Beogh smites you!
The orc shouts!
The hobgoblin attacks as it pursues you!
The hobgoblin barely misses you.
The orc priest mumbles some strange prayers to Beogh against you.
Beogh smites you!
* * * LOW HITPOINT WARNING * * *
The hobgoblin attacks as it pursues you!
The hobgoblin misses you.
The orc priest calls down the wrath of Beogh upon you.
Beogh smites you!
You die...

##...## ##############
##.....###..).........#
#.......##..######....#
#.......##.## #....#
#.......##.# #8+8.#
.oo###.....##..# ##.#.##
..o.oo.....#...# +..#..#
...##..........# +..#..#
.........g@...# ##.#..#
...............# #8+8..#
...........#...## #.....#
###.......##....######.....#
#.......#..#.............#
#..............#######...#
............#.........###
......#...##.#########
....#...##.#


You could see an orc priest, an orc and a hobgoblin.

Vanquished Creatures
  3 adders
  3 dart slugs
  2 orcs (D:3)
  5 endoplasms
  6 goblins
  2 jackals (D:3)
  A quokka (D:2)
  4 ball pythons
  5 bats
  A frilled lizard (D:1)
  7 kobolds
  8 rats
47 creatures vanquished.

Notes
Turn   | Place    | Note
-------+----------+-------------------------------------------
     0 | D:1      | smtktc the Demonspawn Gladiator began the quest for the
                  | Orb.
     0 | D:1      | Reached XP level 1. HP: 16/16 MP: 1/1
   444 | D:1      | Gained mutation: You may rarely emit foul miasma when
                  | damaged in melee. [demonic ancestry]
   444 | D:1      | Reached XP level 2. HP: 17/22 MP: 2/2
  1031 | D:2      | Discovered your monstrous ancestry.
  1031 | D:2      | Gained mutation: You have sharp fingernails. [demonic
                  | ancestry]
  1031 | D:2      | Reached XP level 3. HP: 28/28 MP: 3/3
  1542 | D:2      | Upgraded the game from 0.31.0-12-g77e489cdc1 to
                  | 0.31.0-32-g396128a36d
  1626 | D:3      | Reached XP level 4. HP: 28/35 MP: 4/4
  1872 | D:3      | Killed from afar by an orc priest

Illustrated notes

Levels and vault maps discovered:
D:1:      roderic_chinese_lattice_arrival, layout_loops_ring, minmay_tromino_v2
D:2:      layout_basic, basic_altar
D:3:      layout_rooms, jmf_multi_god_temple2

Skill      XL: |  1  2  3 |
---------------+----------+-----
Long Blades    | 3 |  3.5
Dodging        | 3 |  3.2
Fighting       | 3 |  3.1
Throwing       | |  1.7

Action                     |  1- 3 |  4- 6 || total
---------------------------+-------+-------++-------
  Melee: Long sword        |   100 |    12 ||   112
         Punch             |     2 |       ||     2
    Use: Potion            |     1 |       ||     1
 Armour: Leather armour    |    67 |     6 ||    73
  Dodge: Dodged            |    61 |     9 ||    70
  Block: Buckler           |    10 |       ||    10
         Other             |     6 |     6 ||    12
         Reflection        |     1 |       ||     1
         Form:             |     1 |       ||     1
         Beast             |     1 |       ||     1
